Map: Ruins of Seras

Players

Ancestor - Winner!

  • Race: Protoss Protoss
  • League: Silver

Aramitz

  • Race: Protoss Protoss
  • League: Bronze

VOD

Have the link to the VOD?

Description

Time

  • Played on: Dec. 19, 2015, 3:15 p.m.
  • Length: 12:52
Show
View Real Time Build Order
Export as new Build Order

Ancestor Protoss - Winner!

Build Orders:  

Get SALT Encoding   

  12  0:01  Probe (Chrono Boost)  
  13  0:11  Probe (Chrono Boost)  
  14  0:18  Pylon  
  14  0:23  Probe (Chrono Boost)  
  15  0:36  Probe (Chrono Boost)  
  15  0:39  Gateway  
  16  0:47  Probe (Chrono Boost)  
  17  0:57  Probe (Chrono Boost)  
  17  0:59  Assimilator  
  17  1:04  Assimilator  
  18  1:09  Gateway  
  18  1:10  Probe (Chrono Boost)  
  19  1:21  Probe (Chrono Boost)  
  20  1:28  Zealot  
  20  1:31  Probe (Chrono Boost)  
  23  1:46  Pylon  
  23  1:49  Cybernetics Core  
  23  2:04  Probe (Chrono Boost), Zealot  
  26  2:10  Zealot  
  26  2:15  Probe (Chrono Boost)  
  30  2:32  Warp Gate (Chrono Boost)  
  30  2:34  Stalker  
  31  2:41  Pylon  
  31  2:45  Robotics Facility  
  31  2:59  Stalker  
  33  3:13  Nexus  
  33  3:19  Assimilator  
  33  3:24  Assimilator  
  33  3:29  Pylon  
  33  3:37  Stalker  
  33  3:41  Sentry  
  37  3:48  Pylon  
  37  3:51  Probe  
  37  3:55  Observer  
  39  4:04  Probe  
  40  4:11  Stargate  
  40  4:17  Stargate  
  40  4:21  Probe  
  41  4:33  Probe  
  41  4:35  Probe  
  43  4:44  Probe  
  43  4:47  Probe  
  43  4:51  Stalker  
  47  4:53  Zealot  
  47  4:58  Void Ray (Chrono Boost)  
  53  5:01  Probe  
  53  5:02  Probe  
  55  5:20  Void Ray (Chrono Boost)  
  59  5:28  Zealot  
  61  5:29  Zealot  
  61  5:30  Probe x2  
  65  5:42  Probe  
  66  5:43  Probe  
  67  5:54  Probe  
  67  5:55  Probe  
  69  6:10  Void Ray (Chrono Boost)  
  64  6:31  Probe x2  
  66  6:35  Void Ray (Chrono Boost)  
  70  6:58  Pylon  
  70  6:59  Pylon  
  70  7:01  Pylon x2  
  70  7:02  Pylon  
  70  7:04  Pylon  
  70  7:17  Probe x2, Void Ray x2 (Chrono Boost)  
  82  7:30  Probe x2  
  82  7:42  Probe x2  
  72  7:54  Probe, Void Ray x2 (Chrono Boost)  
  80  8:00  Probe  
  81  8:06  Probe  
  81  8:12  Probe  
  83  8:18  Probe  
  84  8:24  Probe  
  85  8:30  Probe (Chrono Boost)  
  86  8:36  Probe (Chrono Boost)  
  86  8:40  Void Ray (Chrono Boost)  
  91  8:42  Probe (Chrono Boost)  
  91  8:47  Probe (Chrono Boost)  
  93  8:52  Probe (Chrono Boost)  
  93  8:55  Protoss Air Weapons Level 1  
  94  8:58  Probe (Chrono Boost)  
  95  9:06  Void Ray (Chrono Boost)  
  99  9:11  Probe x2 (Chrono Boost)  
  101  9:25  Probe  
  101  9:26  Probe  
  101  9:28  Void Ray (Chrono Boost)  
  107  9:38  Probe x2  
  109  9:45  Pylon  
  109  9:53  Nexus  
  109  10:01  Void Ray (Chrono Boost)  
  109  10:02  Probe  
  109  10:04  Probe  
  115  10:16  Void Ray (Chrono Boost)  
  115  10:17  Probe  
  115  10:19  Probe  
  121  10:31  Probe  
  121  10:32  Probe  
  123  10:40  Stargate  
  123  10:48  Fleet Beacon  
  123  10:49  Protoss Air Armor Level 1  
  123  10:50  Probe  
  123  10:51  Probe  
  125  11:05  Void Ray (Chrono Boost)  
  125  11:06  Probe  
  125  11:07  Probe x2  
  136  11:19  Void Ray (Chrono Boost)  
  120  11:42  Void Ray (Chrono Boost)  
  124  11:50  Nexus  
  124  12:04  Pylon  
  124  12:05  Pylon  
  124  12:06  Pylon  
  124  12:19  Probe x2  
Show
View Real Time Build Order
Export as new Build Order

Aramitz Protoss 

Build Orders: Double Forge 

Get SALT Encoding   

  12  0:01  Probe (Chrono Boost)  
  13  0:12  Probe (Chrono Boost)  
  14  0:23  Pylon  
  14  0:27  Probe (Chrono Boost)  
  15  0:41  Probe (Chrono Boost)  
  16  0:46  Gateway  
  16  0:52  Probe (Chrono Boost)  
  16  0:53  Assimilator  
  17  1:02  Probe (Chrono Boost)  
  18  1:13  Probe (Chrono Boost)  
  18  1:16  Forge  
  19  1:23  Probe (Chrono Boost)  
  20  1:32  Assimilator  
  20  1:34  Probe (Chrono Boost)  
  21  1:44  Probe (Chrono Boost)  
  22  1:49  Cybernetics Core  
  22  2:00  Probe (Chrono Boost)  
  23  2:19  Pylon  
  23  2:26  Protoss Ground Weapons Level 1 (Chrono Boost)  
  23  2:37  Probe  
  23  2:38  Pylon  
  24  2:49  Probe  
  25  2:53  Pylon  
  25  3:01  Probe  
  25  3:02  Nexus  
  26  3:10  Pylon  
  26  3:16  Gateway  
  26  3:17  Mothership Core  
  28  3:35  Stargate  
  28  3:38  Probe  
  29  3:49  Warp Gate  
  29  3:50  Probe  
  30  4:01  Robotics Facility  
  30  4:03  Probe  
  31  4:13  Protoss Ground Armor Level 1 (Chrono Boost)  
  31  4:15  Probe  
  32  4:17  Pylon  
  32  4:22  Forge  
  32  4:23  Probe  
  32  4:27  Probe  
  34  4:34  Probe, Oracle  
  38  4:41  Probe  
  38  4:44  Probe  
  40  4:57  Adept  
  40  4:58  Probe, Adept  
  44  5:00  Probe  
  46  5:09  Oracle (Chrono Boost)  
  49  5:19  Gateway  
  49  5:24  Gateway  
  49  5:25  Gateway, Probe  
  50  5:45  Twilight Council  
  50  6:49  Stalker x4  
  50  6:50  Stalker  
  50  6:54  Protoss Ground Weapons Level 2 (Chrono Boost)  
  60  7:08  Stargate  
  60  7:10  Probe  
  60  7:12  Probe  
  60  7:14  Assimilator  
  62  7:18  Stalker  
  62  7:19  Stalker x2, Assimilator  
  62  7:21  Probe  
  69  7:24  Probe  
  70  7:36  Probe  
  68  8:04  Probe  
  68  8:05  Probe  
  70  8:11  Stalker  
  70  8:12  Stalker x3  
  78  8:19  Pylon  
  78  8:23  Pylon  
  78  8:24  Blink  
  78  8:29  Pylon  
  78  8:36  Probe  
  78  8:37  Probe  
  80  8:44  Stalker x2  
  80  8:45  Stalker x2  
  88  8:59  Probe  
  88  9:01  Probe  
  90  9:10  Probe  
  90  9:11  Warp Prism  
  90  9:13  Probe  
  94  9:20  Sentry x2  
  94  9:21  Sentry x2  
  102  9:35  Pylon  
  102  9:39  Pylon  
  102  9:43  Pylon  
  102  9:51  Gateway  
  102  9:53  Gateway  
  102  9:55  Gateway  
  102  9:58  Stalker x2, Gateway  
  102  9:59  Stalker, Nexus  
  109  10:14  Observer  
  109  10:15  Void Ray  
  113  10:30  Assimilator  
  113  10:32  Assimilator  
  113  10:54  Adept x3  
  113  10:55  Adept x2  
  123  11:10  Void Ray  
  127  11:20  Pylon  
  127  11:24  Pylon  
  127  11:25  Pylon  
  127  11:27  Pylon  
  127  11:32  Stalker x5  
  110  11:33  Stalker x2  
  64  11:57  Stalker x3  
  64  11:58  Stalker  
  72  12:02  Probe  
  72  12:03  Probe  
  78  12:27  Stalker  
Tags
 
Add a new tag
Caveats
  • Supply blocks, unpowered buildings, or Contaminate may cause inaccurate times.
  • Supply counts are checked every 10 seconds.